 Dungeon Crawl Stone Soup version 0.24.0-28-g17ded55e90 (webtiles) character file.

Game seed: 2180178108035268303, levelgen mode: deterministic

2681 RaHiT the Chiller (level 9, 0/72 HPs)
             Began as a Black Draconian Ice Elementalist on Nov 13, 2019.
             Was a Believer of Sif Muna.
             Hit by a stone thrown by an orc warrior (3 damage)
             ... on level 8 of the Dungeon.
             The game lasted 00:53:31 (5959 turns).

RaHiT the Chiller (DrIE)                            Turns: 5959, Time: 00:53:31

Health: 0/72       AC:  9    Str: 10    XL:     9   Next: 37%
Magic:  2/26       EV: 13    Int: 20    God:    Sif Muna [**....]
Gold:   335        SH:  0    Dex: 11    Spells: 4/19 levels left

rFire    . . .     SeeInvis .   r - +2 short sword (elec)
rCold    . . .     Gourm    .   (no shield)
rNeg     . . .     Faith    .   (armour unavailable)
rPois    +         Spirit   .   (helmet restricted)
rElec    +         Reflect  .   (no cloak)
rCorr    .         Harm     .   J - +0 pair of gloves
MR       .....                  L - +0 pair of boots
Stlth    ++........             (no amulet)
HPRegen  0.22/turn              w - ring of poison resistance
MPRegen  0.20/turn              l - ring of magical power

@: short of breath, very slightly contaminated
A: breathe lightning, unfitting armour, antennae 1, electricity resistance,
cold-blooded, MP-powered wands, AC +7
a: Breathe Lightning, Channel Magic, Renounce Religion


You were on level 8 of the Dungeon.
You worshipped Sif Muna.
Sif Muna was pleased with you.
You were near starving.

You visited 2 branches of the dungeon, and saw 9 of its levels.

You collected 415 gold pieces.
You spent 80 gold pieces at shops.

Inventory:

Hand Weapons
 j - a +1 dagger of speed
 r - a +2 short sword of electrocution (weapon)
 G - a +2 dagger of venom
 K - a +0 shortbow
Missiles
 c - 200 sling bullets
 d - 14 boomerangs (quivered)
 f - 112 arrows
 i - 38 poisoned darts
 k - 221 stones
 D - 32 bolts
Armour
 J - a +0 pair of gloves (worn)
 L - a +0 pair of boots (worn)
Jewellery
 l - a ring of magical power (right hand)
 w - a ring of poison resistance (left hand)
 y - an uncursed ring of fire
Wands
 B - a wand of iceblast (3)
 I - a wand of polymorph (12)
 M - a wand of paralysis (6)
Scrolls
 a - 2 scrolls of enchant armour
 e - 5 scrolls of teleportation
 m - 3 scrolls of remove curse
 o - 2 scrolls of fog {unknown}
 p - a scroll of random uselessness {unknown}
 t - 3 scrolls of immolation
 u - 2 scrolls of magic mapping
 x - a scroll of noise
 z - 4 scrolls of enchant weapon
 A - a scroll of brand weapon {unknown}
Potions
 g - 5 potions of curing
 h - a potion of berserk rage {unknown}
 n - 2 potions of heal wounds
 q - a potion of mutation
 v - a potion of cancellation
 E - a potion of might
 N - a potion of brilliance {unknown}
Comestibles
 b - 17 rations
 C - 9 chunks of flesh


   Skills:
 + Level 4.4 Fighting
 + Level 2.4 Throwing
 - Level 3.0 Dodging
 - Level 2.0 Stealth
 * Level 5.9 Spellcasting
 * Level 4.8 Conjurations
 - Level 3.0 Summonings
 * Level 6.8 Ice Magic
 - Level 3.2 Invocations
 + Level 2.6 Evocations


You had 4 spell levels left.
You knew the following spells:

 Your Spells              Type           Power        Failure   Level  Hunger
a - Freeze                Ice            ####         1%          1    None
b - Ozocubu's Armour      Chrm/Ice       ###.....     8%          3    ##.....
c - Summon Ice Beast      Ice/Summ       ####....     14%         4    ####...
d - Throw Icicle          Conj/Ice       ####....     10%         4    ####...
e - Corona                Hex            #......      11%         1    None
f - Blink                 Tloc           N/A          16%         2    None

Your spell library contained the following spells:

 Spells                   Type           Power        Failure   Level  Hunger
 Magic Dart               Conj           ####         1%          1    None
 Throw Frost              Conj/Ice       ####..       1%          2    None
 Call Imp                 Summ           ###.....     4%          2    None
 Ensorcelled Hibernation  Hex/Ice        ###...       4%          2    None
 Beastly Appendage        Tmut           #.....       11%         1    None
 Conjure Flame            Conj/Fire      ###.....     12%         3    ##.....
 Dazzling Spray           Conj/Hex       ###...       12%         3    ##.....
 Slow                     Hex            #.......     16%         2    None
 Sticks to Snakes         Tmut           #.......     16%         2    None
 Mephitic Cloud           Conj/Pois/Air  ##......     16%         3    ##.....
 Ice Form                 Ice/Tmut       ###.....     26%         4    ####...
 Confuse                  Hex            #.......     32%         3    ##.....
 Spider Form              Tmut/Pois      #.........   32%         3    ##.....
 Tukima's Dance           Hex            #.......     32%         3    ##.....
 Blade Hands              Tmut           #.........   96%         5    #####..


Dungeon Overview and Level Annotations

Branches:
Dungeon (8/15)             Temple (1/1) D:4
   Lair: D:8-11

Altars:
Ashenzari
Cheibriados
Dithmenos
Elyvilon
Fedhas
Gozag
Hepliaklqana
Kikubaaqudgha
Makhleb
Nemelex Xobeh
Okawaru
Qazlal
Ru
Sif Muna
Trog
Uskayaw
Vehumet
Wu Jian
Xom
Yredelemnul
Zin
The Shining One

Shops:
D:6 !   D:7 !

Annotations:
D:2 Natasha


Innate Abilities, Weirdness & Mutations

You can breathe wild blasts of lightning.
Your glossy black scales are hard. (AC +7)
You cannot fit into any form of body armour.
You are resistant to electric shocks. (rElec)
You are cold-blooded and may be slowed by cold attacks.
You have a pair of small antennae on your head.
You expend magic power (3 MP) to strengthen your wands.


Message History

Aiming: Throw Icicle (safe; 10% risk of failure)
Press: ? - help, Shift-Dir - straight line, f/p - orc warrior
Aim: an orc warrior, wielding a +0 mace, wearing a +3 plate armour of poison resistance, wearing a +0 shield and carrying a wand of iceblast (3) (almost dead)
The shard of ice hits the orc warrior but does no damage.
The orc warrior is almost dead.
You breathe a wild blast of lightning!
The orb of electricity explodes!
The orb of electricity engulfs you! You resist.
* * * LOW HITPOINT WARNING * * *
You hear a mighty clap of thunder!
The bolt of lightning misses you. The bolt of lightning hits you! You resist.
* * * LOW HITPOINT WARNING * * *
You are near starving!
You hear a shout!
You hear an angry buzzing noise.
You hear a shout! x2
You hear a loud, deep croak!
You hear an angry hiss.
You hear a loud, deep croak!
You hear a shout!
The orc throws a stone.
The stone closely misses you.
The orc warrior throws a stone.
The stone hits you but does no damage.
The orc throws a stone.
The stone hits you but does no damage.
The orc warrior throws a stone.
The stone hits you.
You die...

#####.# #.....# #.###
###### #...# ###
#....#######.#
..###.......o((.@#
..'.........o#.###.#
oo#................#
..#......##...########
..+........>.........#
###...#####.#........#
#...# #.#........#
#....# #.#........#
#y########..........##


You could see an orc warrior and an orc.

Vanquished Creatures
  A hippogriff (D:7)
  Sigmund (D:3)
  Duvessa (D:7)
  A phantom (D:7)
  2 bullfrogs
  A scorpion (D:6)
  4 wights (D:7)
  4 crimson imps
  2 orc priests
  6 hounds
  2 jellies
  2 bullfrog skeletons
  An iguana (D:6)
  2 centaur skeletons
  7 orc wizards
  2 worker ants (D:4)
  A hound skeleton (D:5)
  2 worker ant zombies
  A howler monkey skeleton (D:5)
  10 adders
  4 worms
  2 dart slugs
  7 leopard geckos
  22 orcs
  A ball python (D:1)
  A bat zombie (D:1)
  12 giant cockroaches
  8 goblins
  6 hobgoblins
  10 jackals
  9 kobolds
  A quokka (D:7)
  7 bats
  2 frilled lizards
  A giant cockroach zombie (D:1)
  7 rats
  A butterfly (D:7)
154 creatures vanquished.

Vanquished Creatures (collateral kills)
  Harold (D:8)
  A hippogriff (D:7)
  A sky beast (D:7)
  An ogre (D:6)
  2 centaurs (D:6)
  Dowan (D:7)
  A scorpion (D:6)
  A wight (D:7)
  A centaur skeleton (D:6)
  2 adders (D:6)
  A shadow imp (D:6)
  4 orcs (D:6)
  3 jackals (D:7)
20 creatures vanquished.

Grand Total: 174 creatures vanquished

Notes
Turn   | Place    | Note
-------+----------+-------------------------------------------
     0 | D:1      | RaHiT the Draconian Ice Elementalist began the quest for
                  | the Orb.
     0 | D:1      | Reached XP level 1. HP: 14/14 MP: 3/3
   293 | D:1      | Reached XP level 2. HP: 22/22 MP: 5/5
   821 | D:2      | Reached skill level 1 in Fighting
   821 | D:2      | Reached XP level 3. HP: 28/28 MP: 6/6
   885 | D:2      | Found a sparkling altar of Nemelex Xobeh.
   931 | D:2      | Noticed Natasha
  1101 | D:2      | Learned a level 3 spell: Ozocubu's Armour
  1436 | D:3      | Reached XP level 4. HP: 35/35 MP: 8/8
  1457 | D:3      | Learned a level 4 spell: Summon Ice Beast
  1528 | D:3      | Reached skill level 4 in Ice Magic
  1786 | D:3      | Noticed Sigmund
  1826 | D:3      | Killed Sigmund
  1826 | D:3      | Reached skill level 1 in Summonings
  1826 | D:3      | Reached XP level 5. HP: 25/42 MP: 7/10
  1826 | D:3      | Reached XP level 6. HP: 29/49 MP: 7/11
  1832 | D:3      | Learned a level 4 spell: Throw Icicle
  2688 | D:4      | Found a staircase to the Ecumenical Temple.
  2694 | Temple   | Entered the Ecumenical Temple
  2701 | Temple   | Became a worshipper of Sif Muna the Loreminder
  2996 | D:4      | Reached skill level 5 in Ice Magic
  3028 | D:4      | Your scales start taking on a glossy black colour.
  3028 | D:4      | Reached XP level 7. HP: 53/56 MP: 11/13
  3028 | D:4      | Gained mutation: You are resistant to electric shocks.
                  | (rElec) [Black Draconian growth]
  3319 | D:5      | Entered Level 5 of the Dungeon
  3883 | D:5      | Reached * piety under Sif Muna
  3883 | D:5      | Reached skill level 1 in Invocations
  4259 | D:5      | Found a hazy altar of Hepliaklqana.
  4519 | D:6      | Reached XP level 8. HP: 62/63 MP: 6/15
  4526 | D:6      | Reached skill level 1 in Throwing
  4536 | D:6      | Reached skill level 1 in Evocations
  4728 | D:6      | Reached ** piety under Sif Muna
  4728 | D:6      | Reached skill level 5 in Spellcasting
  4812 | D:6      | Found Bobe's Distillery.
  5096 | D:7      | Learned a level 1 spell: Corona
  5123 | D:7      | Found Kesu Erchoyma's Distillery.
  5144 | D:7      | Bought a potion of heal wounds for 80 gold pieces
  5153 | D:7      | Found a glowing silver altar of Zin.
  5187 | D:7      | Found a shimmering altar of Xom.
  5187 | D:7      | Noticed a hippogriff
  5206 | D:7      | Killed a hippogriff
  5206 | D:7      | Reached skill level 6 in Ice Magic
  5327 | D:7      | Found a stormy altar of Qazlal.
  5385 | D:7      | Learned a level 2 spell: Blink
  5493 | D:7      | Noticed Duvessa
  5493 | D:7      | Noticed Dowan
  5514 | D:7      | Killed Duvessa
  5520 | D:7      | Noticed a hippogriff
  5523 | D:7      | Killed Dowan
  5527 | D:7      | Killed a hippogriff
  5687 | D:7      | Reached XP level 9. HP: 35/71 MP: 6/17
  5881 | D:8      | Noticed Harold
  5901 | D:8      | Gained mutation: You expend magic power (3 MP) to
                  | strengthen your wands. [potion of mutation]
  5901 | D:8      | Gained mutation: You have a pair of small antennae on your
                  | head. [potion of mutation]
  5903 | D:8      | Killed Harold
  5934 | D:8      | Noticed a meliai
  5958 | D:8      | HP: 3/72 [bounced beam (9)]
  5959 | D:8      | Hit by a stone thrown by an orc warrior

Levels and vault maps discovered:
D:1:      saegor_arrival_fortress, layout_basic
D:2:      layout_loops_cross, marbit_many_paths, uniq_natasha
D:3:      minmay_razor_zed, layout_basic, uniq_sigmund
D:4:      layout_loops_ring, temple_fountains
D:5:      layout_loops_corners, kennysheep_mini, first_ration
D:6:      layout_rooms, serial_shops, shop
D:7:      layout_gridville, zin_scriptorium, xom_butterflies, serial_shops,
          shop, basic_altar, uniq_duvessa
D:8:      minmay_the_grid_octo_triangle [minmay_the_grid_octo_vomiting_pacman,
          minmay_the_grid_octo_prize_big_c, minmay_the_grid_octo_teeth],
          layout_basic, uniq_harold
Temple:   nicolae_temple_no_exploring_needed

Skill      XL: |  1  2  3  4  5  6  7  8  9 |
---------------+----------------------------+-----
Stealth        | 2 |  2.0
Dodging        | 2 3 |  3.0
Fighting       | 1 2 3 4 |  4.4
Spellcasting   | 3 4 5 |  5.9
Ice Magic      | 4 5 6 |  6.8
Summonings     | 1 2 3 |  3.0
Conjurations   | 2 3 4 |  4.8
Invocations    | 1 2 3 |  3.2
Throwing       | 2 |  2.4
Evocations     | 2 |  2.6

Action                   |  1- 3 |  4- 6 |  7- 9 || total
-------------------------+-------+-------+-------++-------
Melee: Unarmed           |    12 |       |       ||    12
       Short sword       |    84 |     7 |    46 ||   137
       Tailslap          |     8 |     5 |    17 ||    30
       Dagger            |       |    34 |    83 ||   117
Throw: Stone             |    19 |    27 |    25 ||    71
       Dart              |     9 |    33 |    24 ||    66
       Boomerang         |       |       |    13 ||    13
 Cast: Freeze            |    33 |    95 |    60 ||   188
       Ozocubu's Armour  |       |     4 |    10 ||    14
       Summon Ice Beast  |       |       |    28 ||    28
       Throw Icicle      |       |       |     7 ||     7
       Corona            |       |       |     6 ||     6
       Blink             |       |       |     2 ||     2
 Abil: Breathe Lightning |       |       |     4 ||     4
Evoke: Wand              |       |       |     1 ||     1
  Use: Potion            |       |     1 |     4 ||     5
       Scroll            |       |       |     8 ||     8
 Stab: Sleeping          |     2 |     2 |       ||     4
  Eat: Chunk             |     2 |     5 |    16 ||    23
Armor: Skin              |    41 |    32 |    58 ||   131
Dodge: Dodged            |   111 |    74 |   114 ||   299
